 Dungeon Crawl Stone Soup version 0.19-a0-990-gf36c7f1 (webtiles) character file.

6176 Implojin the Grappler (level 10, 0/104 HPs)
             Began as a Troll Fighter on July 14, 2016.
             Was a High Priest of Okawaru.
             Slain by an unseen horror (10 damage)
             ... on level 12 of the Dungeon.
             The game lasted 00:13:00 (2073 turns).

Implojin the Grappler (Troll Fighter)               Turns: 2073, Time: 00:13:00

Health: 0/104      AC:  5    Str: 28    XL:     10   Next: 60%
Magic:  9/11       EV: 16    Int:  4    God:    Okawaru [*****.]
Gold:   216        SH: 11    Dex: 12    Spells: 0 memorised, 9 levels left

rFire  . . .     SeeInvis .       - Unarmed
rCold  . . .     Gourm    +     a - +0 robe
rNeg   . . .     Faith    .     b - +0 shield
rPois  .         Spirit   .     (helmet restricted)
rElec  .         Dismiss  .     (no cloak)
rCorr  .         Reflect  .     (gloves unavailable)
SustAt .         Harm     .     (boots unavailable)
MR     .....                    v - amulet of rage
Stlth  ++........               w - +3 ring of slaying
                                p - +3 ring of evasion

@: lethally poisoned (0 -> 0), heroism, not resistant to hostile enchantments,
unstealthy
A: unfitting armour, claws 3, hooves 1, fast metabolism 3, gourmand,
regeneration 2, shaggy fur 1, strong 1, tough skin 2
a: Heroism, Finesse, Renounce Religion, Evoke Berserk Rage


You were on level 12 of the Dungeon.
You worshipped Okawaru.
Okawaru was extremely pleased with you.
You were very full.

You visited 1 branch of the dungeon, and saw 13 of its levels.
You also visited: Sewer.

You collected 216 gold pieces.

Inventory:

Hand Weapons
 x - a +0 flail
 y - a +0 morningstar
 F - a +3 dire flail
 M - a +1 long sword of holy wrath
 O - a +1 morningstar of protection
Missiles
 s - 16 tomahawks (quivered)
 t - 6 silver tomahawks
 z - 12 large rocks
Armour
 a - a +0 robe (worn)
 b - a +0 shield (worn)
Jewellery
 p - a +3 ring of evasion (left claw)
 v - an amulet of rage (around neck)
 w - a +3 ring of slaying (right claw)
 K - the ring "Ysoitetu" {SustAt rElec}
   (You found it on level 11 of the Dungeon)

   [ring of sustain attributes]

   It sustains your strength, intelligence and dexterity.
   It insulates you from electricity.
Wands
 D - a wand of digging (14/24)
 L - a wand of slowing (24/48)
Scrolls
 e - 9 scrolls of remove curse
 f - a scroll of fear
 g - a scroll of amnesia
 j - a scroll of noise
 m - a scroll of teleportation
 q - a scroll of immolation {unknown}
 A - a scroll of acquirement {unknown}
 B - a scroll of vulnerability {unknown}
 G - a scroll of enchant armour {unknown}
 I - a scroll of recharging {unknown}
 J - a scroll of random uselessness {unknown}
 P - a scroll of blinking {unknown}
 Q - a scroll of brand weapon {unknown}
Potions
 h - 4 potions of lignification
 i - a potion of mutation {unknown}
 l - a potion of haste {unknown}
 r - a potion of heal wounds
 u - 2 potions of flight {unknown}
 C - a potion of cancellation {unknown}
 H - a potion of curing {unknown}
Books
 E - a Fen Folio

   Spells                             Type                      Level
   a - Corpse Rot                     Necromancy                   2
   b - Stone Arrow                    Conjuration/Earth            3
   c - Leda's Liquefaction            Hexes/Earth                  4
   d - Summon Forest                  Summoning/Translocation      5
   e - Hydra Form                     Transmutation                6
   f - Summon Hydra                   Summoning                    7
Comestibles
 c - a slice of pizza
 d - 4 bread rations
 k - 2 royal jellies
 n - 2 meat rations
 N - a chunk of flesh


   Skills:
 * Level 7.9(12.9) Fighting
 - Level 2.4(7.4) Dodging
 - Level 2.4(7.4) Shields
 - Level 12.7(17.7) Unarmed Combat
 - Level 3.0 Invocations


You had 9 spell levels left.
You didn't know any spells.

Dungeon Overview and Level Annotations

Branches:
Dungeon (13/15)              Lair (0/6) D:8          Vaults (0/5) D:13
 Temple: D:4-7          Orc: D:9-12

Altars:
Elyvilon
Nemelex Xobeh
Okawaru
Trog
Yredelemnul

Annotations:
D:13 Urug


Innate Abilities, Weirdness & Mutations

You are too large for most types of armour.
You have claws for hands.
Your metabolism is lightning-fast.
You like to eat raw meat.
You heal very quickly.
You are covered in fur. (AC +1)
You have very tough skin. (AC +2)
You have large cloven feet.
Your muscles are strong. (Str +2)


Message History

You mangle the killer bee!!
You kill the killer bee!
Okawaru accepts your kill.
You mangle the killer bee!!
You kill the killer bee!
Okawaru accepts your kill.
You feel sick.
There is a stone staircase leading down here.
As you read the scroll labeled XIZUNO OSTRAINE, it crumbles to dust.
You assume a fearsome visage.
Nothing appears to happen.
It was a scroll of fear.
You feel sick.
As you read the scroll labeled RINNOC MIAG, it crumbles to dust.
It is a scroll of amnesia.
You feel forgetful for a moment.
Okay, then.
Your feet thicken and deform.
You feel fantastic!
You feel stronger.
You feel fantastic!
You feel sick.
It was a potion of heal wounds.
You feel much better.
You feel sick.
A wasp zombie comes into view.
You feel sick. Something hits you!
* * * LOW HITPOINT WARNING * * *
Deactivating autopickup; reactivate with Ctrl-A.
Unknown command.
You feel like a meek peon again. You block something's attack.
You feel sick. Something hits you!
* * * LOW HITPOINT WARNING * * *
Something hits you!
* * * LOW HITPOINT WARNING * * *
Unknown command.
Something hits you!
* * * LOW HITPOINT WARNING * * *
Unknown command.
You gain the combat prowess of a mighty hero.
Something hits you!
You die...

..... #.# #.#. #...# .# #
#.# #.#. ## ###...### .#.#
#.# #.#.
...#.......##.#.####.####)#.
........Z..#..............).
...#.......#..#............#
###....##................
#....##.#####.#.#####..
##.#..@.>.....#.# #..
...####.#######.# #.. #####
##.#######.# #..
#..........# #..
#..######### #..# .## #..#
.....###..# ..........#


There were no monsters in sight!

Vanquished Creatures
  2 hill giants
  A manticore (D:10)
  2 cyclopes
  A gargoyle (D:9)
  A troll (D:11)
  2 two-headed ogres (D:9)
  Grinder (D:5)
  A hungry ghost (D:8)
  3 water moccasins
  2 black bears (D:7)
  An orc warrior (D:11)
  3 sky beasts
  2 ogres (D:8)
  A crocodile (D:8)
  A centaur (D:7)
  A big kobold (Sewer)
  4 giant frogs
  2 scorpions (D:8)
  7 killer bees
  2 howler monkeys
  3 crimson imps
  A jelly (D:5)
  A quasit (D:8)
  A giant frog skeleton (D:7)
  2 hounds
  4 orc priests
  A centaur zombie (D:5)
  A gnoll shaman (D:8)
  A centaur skeleton (D:8)
  5 iguanas
  5 orc wizards
  A hound skeleton (D:5)
  3 gnolls (D:7)
  5 adders
  An ooze (D:2)
  An adder skeleton (D:4)
  A worm (D:5)
  3 giant geckos
  14 orcs
  2 bats
  6 giant cockroaches
  2 goblins (D:3)
  A hobgoblin (D:3)
  6 jackals
  6 kobolds
  A quokka skeleton (D:8)
  11 rats
129 creatures vanquished.

Vanquished Creatures (others)
  A bush (D:11)
  4 plants (D:11)
5 creatures vanquished.

Grand Total: 134 creatures vanquished

Notes
Turn   | Place    | Note
-------+----------+-------------------------------------------
     0 | D:1      | Implojin the Troll Fighter began the quest for the Orb.
     0 | D:1      | Reached XP level 1. HP: 22/22 MP: 0/0
    91 | D:2      | Reached XP level 2. HP: 29/29 MP: 1/1
   123 | D:2      | Reached skill level 3 in Unarmed Combat
   191 | D:2      | Reached XP level 3. HP: 22/36 MP: 2/2
   204 | D:2      | Found a bloodstained altar of Trog.
   261 | D:2      | Found a basalt altar of Yredelemnul.
   402 | D:3      | Found an iron altar of Okawaru.
   413 | D:3      | Became a worshipper of Warmaster Okawaru
   537 | D:4      | Reached skill level 4 in Unarmed Combat
   537 | D:4      | Reached XP level 4. HP: 19/44 MP: 3/3
   616 | D:4      | Reached skill level 5 in Unarmed Combat
   686 | D:5      | Entered Level 5 of the Dungeon
   699 | D:5      | Reached XP level 5. HP: 38/50 MP: 4/4
   791 | D:5      | Noticed Grinder
   810 | D:5      | Killed Grinder
   810 | D:5      | Reached * piety under Okawaru
   810 | D:5      | Reached skill level 6 in Unarmed Combat
   810 | D:5      | Reached XP level 6. HP: 59/59 MP: 5/5
   822 | D:5      | Reached skill level 7 in Unarmed Combat
   838 | D:5      | Reached ** piety under Okawaru
   879 | D:5      | Found a white marble altar of Elyvilon.
   974 | D:5      | Found a glowing drain.
  1019 | D:5      | Noticed a sky beast
  1031 | D:5      | Killed a sky beast
  1031 | D:5      | Reached XP level 7. HP: 58/66 MP: 3/6
  1050 | Sewer    | Entered a sewer
  1084 | Sewer    | Reached skill level 8 in Unarmed Combat
  1110 | Sewer    | Found a white marble altar of Elyvilon.
  1218 | D:7      | Reached skill level 9 in Unarmed Combat
  1274 | D:7      | Reached XP level 8. HP: 16/74 MP: 4/7
  1299 | D:7      | Reached skill level 10 in Unarmed Combat
  1376 | D:8      | Reached *** piety under Okawaru
  1441 | D:8      | Reached skill level 11 in Unarmed Combat
  1444 | D:8      | Noticed a cyclops
  1451 | D:8      | Killed a cyclops
  1451 | D:8      | Reached XP level 9. HP: 80/80 MP: 5/8
  1454 | D:8      | Noticed a hill giant
  1461 | D:8      | Killed a hill giant
  1461 | D:8      | Reached **** piety under Okawaru
  1461 | D:8      | Reached skill level 12 in Unarmed Combat
  1563 | D:8      | Reached skill level 3 in Fighting
  1604 | D:8      | Found a staircase to the Lair.
  1619 | D:8      | :1618 to lair entrance
  1630 | D:9      | Found a sparkling altar of Nemelex Xobeh.
  1635 | D:9      | Reached skill level 4 in Fighting
  1651 | D:9      | Reached skill level 1 in Invocations
  1658 | D:9      | Reached skill level 3 in Invocations
  1701 | D:9      | Reached XP level 10. HP: 50/94 MP: 7/11
  1720 | D:9      | Noticed a gargoyle
  1734 | D:9      | Killed a gargoyle
  1734 | D:9      | Reached skill level 5 in Fighting
  1743 | D:10     | Entered Level 10 of the Dungeon
  1743 | D:10     | Noticed a manticore
  1746 | D:10     | Killed a manticore
  1746 | D:10     | Reached ***** piety under Okawaru
  1746 | D:10     | Reached skill level 6 in Fighting
  1792 | D:11     | Received a gift from Okawaru
  1904 | D:11     | Got a flickering brass ring
  1905 | D:11     | Identified the ring "Ysoitetu" {SustAt rElec} (You found it on level 11 of the Dungeon)
  1942 | D:12     | Noticed a cyclops
  1953 | D:12     | Killed a cyclops
  1953 | D:12     | Reached skill level 7 in Fighting
  1996 | D:12     | Noticed a hill giant
  2005 | D:12     | Killed a hill giant
  2005 | D:12     | Received a gift from Okawaru
  2047 | D:13     | Found a gate to the Vaults.
  2047 | D:13     | Noticed Urug
  2047 | D:13     | Noticed a hill giant
  2047 | D:13     | Noticed a centaur warrior
  2047 | D:13     | Noticed a centaur warrior
  2047 | D:13     | Noticed a griffon
  2058 | D:12     | Gained mutation: You have large cloven feet. [potion of beneficial mutation]
  2059 | D:12     | Gained mutation: Your muscles are strong. (Str +2) [potion of beneficial mutation]
  2073 | D:12     | Slain by an unseen horror

Vault maps used:
D:1:      dpeg_arrival_brainrot
D:2:      yredelemnul_altar_generic, bloody_trog
D:3:      okawaru_trees_1
D:4:      nicolae_ru_great_annihilating_truth, dk_xom_monty_hall, uniq_duvessa,
          uniq_robin, uniq_blork_the_orc, uniq_menkaure
D:5:      nicolae_overflow_hidden_temple, first_bread, portal_sewer_entry_a,
          uniq_grinder
D:6:      grunt_dithmenos_shadows, nicolae_ashenzari_panopticon, serial_shops,
          shop, minmay_misc_feat_encased, uniq_pikel
D:7:      johnstein_pakellas_dig, cheibriados_altar_1, basic_altar,
          minmay_misc_feat_iff
D:8:      minmay_ornate_pinched, minmay_mini_ossuary, uniq_erica
D:9:      nemelex_xobeh_ov_fountains_minmay
D:10:     orc_0_dummy
D:11:     serial_corexii_hall, corexii_hall_statues_t,
          corexii_hall_statues_deadend, kennysheep_boxes
D:12:     special_room, uniq_azrael
D:13:     david_vaults_3, david_nohive_1, lemuel_oklob_altar
Sewer:    sewer_kobolds

Skill      XL: |  1  2  3  4  5  6  7  8  9 10 |
---------------+-------------------------------+-----
Unarmed Combat | 3 4 5 6 7 9 11 12 | 12.7
Fighting       | 4 7 |  7.9
Invocations    | 3 |  3.0
Dodging        | |  2.4
Shields        | |  2.4

Action                   |  1- 3 |  4- 6 |  7- 9 | 10-12 || total
-------------------------+-------+-------+-------+-------++-------
Melee: Unarmed           |    83 |    54 |   211 |    71 ||   419
Throw: Tomahawk          |       |       |     1 |       ||     1
Invok: Heroism           |       |     1 |    15 |     8 ||    24
  Use: Potion            |       |     1 |       |     3 ||     4
       Scroll            |       |       |     5 |     2 ||     7
 Stab: Sleeping          |       |       |       |     1 ||     1
  Eat: Chunk             |    10 |     2 |     6 |     7 ||    25
Armor: Robe              |    48 |     7 |    19 |     2 ||    76
Dodge: Dodged            |    46 |    14 |    79 |    19 ||   158
Block: Shield            |    60 |    14 |    96 |    27 ||   197

Table legend:
 A = Turns spent in this place as a percentage of turns spent in the entire game.
 B = Non-inter-level travel turns spent in this place as a percentage of non-inter-level travel turns spent in the entire game.
 C = Inter-level travel turns spent in this place as a percentage of turns spent in this place.
 D = Turns resting spent in this place as a percentage of non-inter-level travel turns spent in this place.
 E = Turns spent auto-exploring this place as a percentage of non-inter-level travel turns spent in this place.
 F = Non-inter-level travel turns spent in this place divided by the number of levels of this place that you've seen.
                   A       B       C       D       E      F
               +-------+-------+-------+-------+-------+----------------------
         Total | 100.0 | 100.0 |   0.0 |   0.0 |   0.0 | 147.6
       Dungeon |  95.5 |  95.5 |   0.0 |   0.0 |   0.0 | 151.8
         Sewer |   4.5 |   4.5 |   0.0 |   0.0 |   0.0 |  94.0
               +-------+-------+-------+-------+-------+----------------------

Table legend:
 A = Kills in this place as a percentage of kills in entire the game.
 B = Kills by you in this place as a percentage of kills by you in the entire game.
 C = Kills by friends in this place as a percentage of kills by friends in the entire game.
 D = Other kills in this place as a percentage of other kills in the entire game.
 E = Experience gained in this place as a percentage of experience gained in the entire game.
 F = Experience gained in this place divided by the number of levels of this place that you have seen.
                   A       B       C       D       E      F
               +-------+-------+-------+-------+-------+----------------------
         Total | 100.0 | 100.0 |  -nan |  -nan | 100.0 | 630.3
       Dungeon |  92.2 |  92.2 |  -nan |  -nan |  98.7 | 670.2
         Sewer |   7.8 |   7.8 |  -nan |  -nan |   1.3 | 112.0
               +-------+-------+-------+-------+-------+----------------------
